 Dungeon Crawl Stone Soup version 0.27-a0-1281-ge233d83751 (webtiles) character file.

Game seed: 1007852516887660262

402 Glokmah the Bolt Thrower (level 6, -2/37 HPs)
             Began as a Tengu Hunter on June 14, 2021.
             Killed by nerve-wracking pain
             ... invoked by Grinder
              (14 damage)
             ... on level 3 of the Dungeon.
             The game lasted 00:07:00 (3649 turns).

Glokmah the Bolt Thrower (Tengu Hunter)             Turns: 3649, Time: 00:07:01

Health: -2/37      AC:  4    Str: 14    XL:     6   Next: 85%
Magic:  7/7        EV: 15    Int: 11    God:
Gold:   123        SH:  0    Dex: 15    Spells: 5/5 levels left

rFire    . . .     SeeInvis .   a - +1 hand crossbow
rCold    . . .     Faith    .   (no shield)
rNeg     . . .     Spirit   .   f - +0 leather armour
rPois    .         Reflect  .   (helmet restricted)
rElec    .         Harm     .   (no cloak)
rCorr    .         Rampage  .   n - +0 pair of gloves
Will     .....                  (boots unavailable)
Stlth    ++........             (no amulet)
HPRegen  0.12/turn              e - +4 ring of slaying
MPRegen  0.10/turn              (no ring)

@: weak-willed, flying quickly and evasively, hasted, very quick
A: beak, talons 3, nimble flight
a: no special abilities


You were on level 3 of the Dungeon.
You visited 1 branch of the dungeon, and saw 3 of its levels.

You collected 123 gold pieces.

Inventory:

Hand Weapons
 a - a +1 hand crossbow (weapon)
 b - a +0 short sword
 c - a +0 dagger
Missiles
 d - 8 bolts (quivered ammo)
 g - 60 stones
 h - 6 javelins
Armour
 f - a +0 leather armour (worn)
 n - a +0 pair of gloves (worn)
Jewellery
 e - a +4 ring of slaying (left hand)
Potions
 i - a potion of degeneration {unknown}
 l - a potion of attraction {unknown}


   Skills:
 + Level 3.2 Fighting
 * Level 3.4 Short Blades
 * Level 5.8 Crossbows
 + Level 3.2 Dodging
 * Level 3.6 Stealth


You had 5 spell levels left.
You didn't know any spells.
Your spell library was empty.

Dungeon Overview and Level Annotations

Branches:
Dungeon (3/15)

Altars:
Ashenzari
Fedhas
Makhleb

Annotations:
D:3 Grinder


Innate Abilities, Weirdness & Mutations

You have a beak for a mouth.
You have claws for feet.
Your magical nature lets you fly swiftly and evasively.


Message History

Grinder hits you.
You writhe in agony.
Fire: 9 bolts
Press: ? - help, Q - select action, (/) - cycle Shift-Dir - straight line, f/p - Grinder
Aim: Grinder (moderately wounded, 67% to hit)
You shoot a bolt. The bolt closely misses Grinder.
Grinder hits you.
You writhe in agony.
* * * LOW HITPOINT WARNING * * *
Grinder hits you but does no damage.
Grinder blinks!
As you read the scroll labelled HYORISMOES, it crumbles to dust.
Magic quickly surges around you.
It was a scroll of vulnerability.
Grinder blinks!
As you read the scroll labelled TAOZAU FOAZXAM, it crumbles to dust.
It is a scroll of identify.
k - a potion of haste Grinder blinks!
You aren't carrying any scrolls.
Unknown command.
You feel yourself speed up.
You see here a bolt.
Grinder gestures at you.
You suddenly lose the ability to move!
Grinder gestures at you. You resist with significant effort.
You can move again.
You see here a bolt.
Grinder blinks!
Grinder gestures at you. Pain shoots through your body!
* * * LOW HITPOINT WARNING * * *
Grinder says, "Don't move a muscle."
Grinder gestures at you.
You suddenly lose the ability to move!
Grinder blinks! x2
Grinder hits you but does no damage.
You can move again.
Unknown command.
Grinder gestures at you. Pain shoots through your body!
You die...

#.....# #.....# #.....# #.....#
......# #####################
.....)# #..............#....#
......# #..............#.##.#
#.....#######.....(..((......#(.#
..<5............@.....(.....§..>#
#.....#######.....5......#.###(##
#.....# #............#.# #.#
#.....# #............### #5#
#.....# #####............# #.#
##.#.####...#§#..........# #.#
##...........#......###### #.#
...#..#..............#########.#
####....#..........#....##...#.#


You could see Grinder (weak-willed).

Vanquished Creatures
  A sky beast (D:3)
  An ogre (D:3)
  A hound (D:3)
  2 orc wizards (D:3)
  5 adders
  3 dart slugs
  6 orcs
  2 ball pythons (D:1)
  10 endoplasms
  4 giant cockroaches
  4 goblins
  4 hobgoblins
  15 jackals
  3 quokkas
  5 bats
  3 frilled lizards
  9 kobolds
  6 rats
84 creatures vanquished.

Notes
Turn   | Place    | Note
-------+----------+-------------------------------------------
     0 | D:1      | Glokmah the Tengu Hunter began the quest for the Orb.
     0 | D:1      | Reached XP level 1. HP: 12/12 MP: 2/2
   467 | D:1      | Reached XP level 2. HP: 17/17 MP: 3/3
   978 | D:1      | Found a faded altar of an unknown god.
  1070 | D:1      | Reached skill level 1 in Short Blades
  1070 | D:1      | Reached XP level 3. HP: 21/21 MP: 4/4
  1821 | D:2      | Reached XP level 4. HP: 25/27 MP: 5/5
  2170 | D:2      | Reached skill level 5 in Crossbows
  2522 | D:3      | Gained mutation: Your magical nature lets you fly swiftly
                  | and evasively. [Tengu growth]
  2522 | D:3      | Reached XP level 5. HP: 30/31 MP: 6/6
  2558 | D:3      | Noticed an ogre
  2571 | D:3      | Killed an ogre
  2648 | D:3      | Reached XP level 6. HP: 36/36 MP: 7/7
  2915 | D:3      | Noticed Grinder
  3049 | D:3      | Noticed a sky beast
  3058 | D:3      | Killed a sky beast
  3124 | D:3      | Found a blossoming altar of Fedhas.
  3130 | D:3      | Found a broken altar of Ashenzari.
  3133 | D:3      | Found a burning altar of Makhleb.
  3314 | D:3      | Paralysed by Grinder for 4 turns
  3600 | D:3      | Paralysed by Grinder for 6 turns
  3612 | D:3      | Paralysed by Grinder for 4 turns
  3629 | D:3      | Paralysed by Grinder for 4 turns
  3644 | D:3      | Paralysed by Grinder for 3 turns
  3649 | D:3      | Killed from afar by Grinder

Illustrated notes

Levels and vault maps discovered:
D:1:      lemuel_arrival_rhombus, layout_basic,
          ebering_ecumenical_altar_abandoned, minmay_pentomino_z2
D:2:      layout_basic, minmay_cut_off
D:3:      layout_basic, minmay_overflow_temple_star_quad,
          kennysheep_decorative_pillar, uniq_grinder

Skill      XL: |  1  2  3  4  5  6 |
---------------+-------------------+-----
Short Blades   | 1 2 3 |  3.4
Stealth        | 2 3 |  3.6
Crossbows      | 5 |  5.8
Dodging        | 3 |  3.2
Fighting       | 3 |  3.2

Action                   |  1- 3 |  4- 6 || total
-------------------------+-------+-------++-------
Melee: Short sword       |    39 |       ||    39
       Kick              |    15 |    19 ||    34
       Dagger            |    29 |    67 ||    96
       Peck              |     5 |     9 ||    14
 Fire: Hand crossbow     |     3 |    29 ||    32
  Use: Scroll            |       |     2 ||     2
       Potion            |       |     1 ||     1
 Stab: Sleeping          |     3 |     2 ||     5
Armor: Leather armour    |    11 |    10 ||    21
Dodge: Dodged            |    44 |    40 ||    84

Table legend: (Time is in decaauts)
 A = Elapsed time spent in this place.
 B = Non-inter-level travel time spent in this place.
 C = Inter-level travel time spent in this place.
 D = Time resting spent in this place.
 E = Time spent auto-exploring this place.
 F = Levels seen in this place.
 G = Mean time per level.
                   A        B        C        D        E       F      G
               +--------+--------+--------+--------+--------+-----+--------+
         Total |   3576 |   3117 |    459 |    746 |   1572 |   3 | 1192.0 |
       Dungeon |   3576 |   3117 |    459 |    746 |   1572 |   3 | 1192.0 |
               +--------+--------+--------+--------+--------+-----+--------+

Top non-repeatable levels by time:
     D:1: 1481 daAuts
     D:2: 1237 daAuts
     D:3: 857 daAuts
